 Dungeon Crawl Stone Soup version 0.22-a0-392-g5dc3fd9 (webtiles) character file.

70 Mgcat the Skirmisher (level 4, -1/29 HPs)
             Began as a Gargoyle Monk on May 1, 2018.
             Slain by a gnoll
             ... wielding a +0 spear
              (3 damage)
             ... on level 2 of the Dungeon.
             The game lasted 00:03:09 (915 turns).

Mgcat the Skirmisher (Gargoyle Monk)                 Turns: 915, Time: 00:03:10

Health: -1/29      AC:  7    Str: 13 (14) XL:     4   Next: 22%
Magic:  4/4        EV: 12    Int:  9 (12) God:
Gold:   37         SH:  5    Dex:  9 (12) Spells: 3/3 levels left

rFire    . . .     SeeInvis .   a - +0 mace
rCold    . . .     Gourm    .   d - +2 buckler
rNeg     + . .     Faith    .   b - +0 robe
rPois    ∞         Spirit   .   (no helmet)
rElec    +         Reflect  .   (no cloak)
rCorr    .         Harm     .   (no gloves)
MR       .....                  e - +1 pair of boots
Stlth    ++........             (no amulet)
HPRegen  0.09/turn              g - ring of flight {+Fly, !d}
MPRegen  0.09/turn              (no ring)

@: no status effects
A: negative energy resistance 1, electricity resistance, unbreathing,
petrification resistance, rot immunity, AC +3
a: Evoke Flight


You were on level 2 of the Dungeon.
You were not hungry.

You visited 1 branch of the dungeon, and saw 2 of its levels.

You collected 37 gold pieces.

Inventory:

Hand Weapons
 a - a +0 mace (weapon)
Armour
 b - a +0 robe (worn)
 d - a +2 buckler (worn)
   (You found it on level 1 of the Dungeon)
 e - a +1 pair of boots (worn)
   (You found it on level 1 of the Dungeon)
Jewellery
 g - a ring of flight (left hand) {+Fly, !d}
   (You found it on level 1 of the Dungeon)
Scrolls
 k - 2 scrolls of teleportation
 l - 3 scrolls of identify {unknown}
Potions
 f - a potion of haste
 h - a potion of brilliance
Comestibles
 c - 3 rations


   Skills:
 + Level 4.0 Fighting
 + Level 3.6 Maces & Flails
 + Level 2.9 Dodging
 - Level 2.1 Stealth
 + Level 1.4 Shields


You had 3 spell levels left.
You didn't know any spells.

Dungeon Overview and Level Annotations

Branches:
Dungeon (2/15)

Altars:


Innate Abilities, Weirdness & Mutations

You are resistant to torment.
Your stone body is resilient. (AC +3)
You are immune to poison.
You resist negative energy. (rN+)
You are resistant to electric shocks. (rElec)
You can survive without breathing.
You are immune to petrification.
You are immune to rotting.


Message History

You kill the goblin!
Your Fighting skill increases to level 4!
The gnoll barely misses you. The hobgoblin hits you with a club.
* * * LOW HITPOINT WARNING * * *
There is an open door here.
Items here: )) †† a club x2; a goblin corpse x2
You hit the hobgoblin but do no damage.
The hobgoblin is moderately wounded.
The goblin hits you with a dagger.
* * * LOW HITPOINT WARNING * * *
The hobgoblin misses you. You block the gnoll's attack.
It was a potion of degeneration.
There was something very wrong with that liquid.
You feel weakened.
You feel dopey.
You feel clumsy. The goblin hits you but does no damage.
As you read the scroll labeled VOUVVE VARUGE, it crumbles to dust.
You feel strangely unstable.
It was a scroll of teleportation.
You block the gnoll's attack.
The hobgoblin hits you but does no damage.
Your shield prevents you from hitting the hobgoblin.
The hobgoblin is moderately wounded.
The goblin closely misses you. You block the gnoll's attack.
The hobgoblin hits you but does no damage.
You barely miss the hobgoblin.
The hobgoblin is moderately wounded.
The goblin closely misses you. The gnoll barely misses you.
The hobgoblin hits you but does no damage.
You barely miss the hobgoblin.
The hobgoblin is moderately wounded.
Your surroundings suddenly seem different.
A frilled lizard comes into view.
The helpless frilled lizard fails to defend itself.
You sock the frilled lizard!
You kill the frilled lizard!
You start resting.
A ball python comes into view.
Your extra speed is starting to run out.
You are too injured to fight recklessly!
You are too injured to fight recklessly!
The ball python hisses angrily.
You hit the ball python.
You kill the ball python!
You feel yourself slow down.
All of the chunks of flesh in your inventory have rotted away.
HP restored.
You now have 37 gold pieces (gained 8).
l - 2 scrolls labeled XOTALYCY QANO (gained 1)
l - 3 scrolls labeled XOTALYCY QANO (gained 1)
f - a potion of haste You see here a chain mail.
k - 2 scrolls of teleportation (gained 1)
Found a stone staircase leading up.
The gnoll shouts!
You hear a shout!
You hit the gnoll.
The gnoll is lightly wounded.
The gnoll closely misses you.
You barely miss the gnoll.
The gnoll is lightly wounded.
You block the gnoll's attack. The gnoll hits you but does no damage.
You hit the gnoll.
The gnoll is lightly wounded.
The gnoll barely misses you. You block the gnoll's attack.
The gnoll misses you.
You hit the gnoll.
The gnoll is heavily wounded.
The gnoll hits you but does no damage. The gnoll misses you.
The gnoll hits you with a whip.
You hit the gnoll but do no damage.
The gnoll is heavily wounded.
The gnoll hits you from afar with a spear.
You block the gnoll's attack.
You hit the gnoll.
The gnoll is severely wounded.
The gnoll hits you from afar with a spear.
The gnoll hits you but does no damage.
The gnoll hits you from afar with a spear.
You hit the gnoll but do no damage.
The gnoll is severely wounded.
The gnoll closely misses you. The gnoll barely misses you.
The gnoll misses you.
You closely miss the gnoll.
The gnoll is severely wounded.
The gnoll hits you but does no damage. The gnoll hits you with a whip.
You are too injured to fight recklessly!
You hit the gnoll.
You kill the gnoll!
The gnoll completely misses you. The gnoll hits you with a spear.
Things that are here:
a whip; a gnoll corpse You closely miss the gnoll.
The gnoll shouts! x2
The gnoll hits you with a spear.
* * * LOW HITPOINT WARNING * * *
You closely miss the gnoll. The gnoll hits you with a spear.
* * * LOW HITPOINT WARNING * * *
The gnoll hits you from afar with a spear.
You die...

####### #.....########
#.#.[.....@)g#
#.#.#..##.##g#
#...#..##.##.######
#.###..##.........#
#.###..#####g####.####
## #......# #.#.......#
#[
##.####...............##
#. #..#
......###....g...# #.
#.## ......
#.<...#..####.


You could see 2 gnolls.

Vanquished Creatures
  A gnoll (D:2)
  An adder (D:2)
  An ooze (D:1)
  2 dart slugs (D:1)
  3 giant cockroaches
  9 goblins
  8 hobgoblins
  2 jackals (D:1)
  A quokka (D:2)
  A ball python (D:2)
  3 bats (D:1)
  3 frilled lizards
  5 kobolds (D:1)
  2 rats (D:1)
42 creatures vanquished.

Notes
Turn   | Place    | Note
-------+----------+-------------------------------------------
     0 | D:1      | Mgcat the Gargoyle Monk began the quest for the Orb.
     0 | D:1      | Reached XP level 1. HP: 14/14 MP: 1/1
    48 | D:1      | Reached XP level 2. HP: 19/19 MP: 2/2
   249 | D:1      | Reached XP level 3. HP: 21/24 MP: 3/3
   332 | D:1      | Reached skill level 1 in Shields
   624 | D:2      | Reached XP level 4. HP: 16/29 MP: 4/4
   626 | D:2      | Reached skill level 4 in Fighting
   628 | D:2      | HP: 6/29 [goblin/dagger (2)]
   913 | D:2      | HP: 7/29 [gnoll/spear (2)]
   914 | D:2      | HP: 2/29 [gnoll/spear (5)]
   915 | D:2      | Slain by a gnoll

Vault maps used:
D:1:      dpeg_arrival_stone_temple_mockup, corexii_leaking_fountain
D:2:      cheibrodos_greedy_goblins, uniq_robin

Skill      XL: |  1  2  3  4 |
---------------+-------------+-----
Shields        | 1 |  1.4
Fighting       | 4 |  4.0
Maces & Flails | |  3.6
Dodging        | |  2.9
Stealth        | |  2.1

Action                   |  1- 3 |  4- 6 || total
-------------------------+-------+-------++-------
Melee: Mace              |   132 |    19 ||   151
  Use: Potion            |     4 |     1 ||     5
       Scroll            |       |     1 ||     1
 Stab: Sleeping          |     1 |     1 ||     2
Armor: Robe              |    56 |    10 ||    66
Dodge: Dodged            |   125 |    15 ||   140
Block: Buckler           |    36 |     6 ||    42

Table legend:
 A = Spawn XP
 B = Non-spawn XP
 C = Spawn XP percentage of total XP
 D = Spawn monster count
 E = Non-spawn monster count
 F = Spawn count percentage of total count
 G = Total turns spent on level
                    A         B        C        D         E        F      G
               +---------+---------+-------+---------+---------+-------+---------
         Total |       0 |     101 |   0.0 |       0 |      42 |   0.0 |   915
               +---------+---------+-------+---------+---------+-------+---------
           D:1 |       0 |      53 |   0.0 |       0 |      28 |   0.0 |   540
           D:2 |       0 |      48 |   0.0 |       0 |      14 |   0.0 |   375
               +---------+---------+-------+---------+---------+-------+---------

Vault maps used:
D:1:      dpeg_arrival_stone_temple_mockup, corexii_leaking_fountain
D:2:      cheibrodos_greedy_goblins, uniq_robin

Table legend:
 A = Turns spent in this place as a percentage of turns spent in the entire game.
 B = Non-inter-level travel turns spent in this place as a percentage of non-inter-level travel turns spent in the entire game.
 C = Inter-level travel turns spent in this place as a percentage of turns spent in this place.
 D = Turns resting spent in this place as a percentage of non-inter-level travel turns spent in this place.
 E = Turns spent auto-exploring this place as a percentage of non-inter-level travel turns spent in this place.
 F = Non-inter-level travel turns spent in this place divided by the number of levels of this place that you've seen.
                   A       B       C       D       E      F
               +-------+-------+-------+-------+-------+----------------------
         Total | 100.0 | 100.0 |   1.9 |   0.7 |  67.7 | 449.0
       Dungeon | 100.0 | 100.0 |   1.9 |   0.7 |  67.7 | 449.0
               +-------+-------+-------+-------+-------+----------------------

Table legend:
 A = Kills in this place as a percentage of kills in entire the game.
 B = Kills by you in this place as a percentage of kills by you in the entire game.
 C = Kills by friends in this place as a percentage of kills by friends in the entire game.
 D = Other kills in this place as a percentage of other kills in the entire game.
 E = Experience gained in this place as a percentage of experience gained in the entire game.
 F = Experience gained in this place divided by the number of levels of this place that you have seen.
                   A       B       C       D       E      F
               +-------+-------+-------+-------+-------+----------------------
         Total | 100.0 | 100.0 |   N/A |   N/A | 100.0 |  50.5
       Dungeon | 100.0 | 100.0 |   N/A |   N/A | 100.0 |  50.5
               +-------+-------+-------+-------+-------+----------------------
